 Dungeon Crawl Stone Soup version 0.31.0-1-g2c135a0 (webtiles) character file.

Game seed: 10713601674405419147

436 jagoly the Chopper (level 7, -2/44 HPs)
             Began as a Gargoyle Monk on Feb 2, 2024.
             Killed by divine providence
             ... invoked by an orc priest
              (13 damage)
             ... on level 6 of the Dungeon.
             The game lasted 00:07:29 (826 turns).

jagoly the Chopper (Gargoyle Monk)                   Turns: 826, Time: 00:07:30

Health: -2/44      AC: 14    Str: 16    XL:     7   Next: 1%
Magic:  7/7        EV:  8    Int: 11    God:
Gold:   112        SH:  0    Dex: 12    Spells: 6/6 levels left

rFire   . . .        a - +0 war axe
rCold   . . .        d - orb {light}
rNeg    + . .        n - +0 chain mail
rPois   ∞            (no helmet)
rElec   +            (no cloak)
rCorr   .            (no gloves)
SInv    .            (no boots)
Will    .....        (no amulet) Stlth
                     (no ring)
HPRegen 0.27/turn    (no ring)
MPRegen 0.10/turn

%: no passive effects
@: confused, ambrosia-drunk, glowing
A: sickness immunity, AC +4, negative energy resistance 1, electricity
resistance, torment resistance 1, petrification resistance
a: no special abilities


You were on level 6 of the Dungeon.
You visited 1 branch of the dungeon, and saw 6 of its levels.

You collected 112 gold pieces.

Inventory:

Hand Weapons
 a - a +0 war axe (weapon)
 q - a +0 morningstar
Missiles
 f - 16 stones (quivered)
 k - 5 darts of dispersal
Armour
 b - a +0 robe
 d - an orb of light (worn)
 g - a +0 ring mail
 i - a +0 scale mail
 n - a +0 chain mail (worn)
Scrolls
 j - a scroll of fog {unknown}
 l - 2 scrolls of poison {unknown}
 m - a scroll of butterflies {unknown}
 r - a scroll of teleportation {unknown}
Potions
 e - 4 potions of enlightenment {unknown}
 h - 2 potions of curing {unknown}
 o - a potion of magic {unknown}
 p - a potion of mutation {unknown}


   Skills:
 + Level 4.9 Fighting
 * Level 5.0 Axes
 + Level 3.4 Armour
 - Level 3.0 Dodging


You had 6 spell levels left.
You didn't know any spells.
Your spell library contained the following spells:

 Spells                   Type           Power      Damage    Failure   Level
 Apportation              Tloc           0%         N/A       99%         1
 Necrotise                Necr           0%         1d4       99%         1
 Sting                    Conj/Alch      0%         1d3       99%         1
 Summon Small Mammal      Summ           0%         N/A       99%         1
 Ensorcelled Hibernation  Hex/Ice        0%         N/A       99%         2
 Fugue of the Fallen      Necr           0%         N/A       100%        3
 Hailstorm                Conj/Ice       0%         3d5       100%        3
 Summon Ice Beast         Ice/Summ       0%         N/A       100%        3
 Anguish                  Hex/Necr       0%         N/A       100%        4
 Sculpt Simulacrum        Ice/Alch       0%         N/A       100%        6


Dungeon Overview and Level Annotations

Branches:
Dungeon (6/15) Zot: 26973
 Temple: D:4-7

Altars:

Shops:
D:2 ![   D:5 *


Innate Abilities, Weirdness & Mutations

You are immune to sickness and miasma.
Your stone body is resilient. (AC +4)
You are immune to poison.
You resist negative energy. (rN+)
You are resistant to electric shocks. (rElec)
You are resistant to unholy torment.
You are immune to petrification.


Message History

There is a stone staircase leading up here.
You climb upwards.
There is a stone staircase leading down here.
A ribbon worm comes into view.
A ribbon worm is nearby!
The ribbon worm expels a string of sticky webbing.
The stream of webbing misses you. The ribbon worm barely misses you.
You see here a clear potion.
You hit the ribbon worm.
The ribbon worm is moderately wounded.
The ribbon worm bites you.
You slash the ribbon worm!
The ribbon worm is severely wounded.
The ribbon worm expels a string of sticky webbing.
The stream of webbing misses you.
You slash the ribbon worm!
You kill the ribbon worm!
No target in view!
No target in view!
No target in view!
h - 2 clear potions (gained 1)
Things that are here:
a +0 scale mail; a ribbon worm corpse You start removing your armour.
You continue taking off your +0 ring mail. x4
You finish taking off your +0 ring mail.
You start putting on your armour.
You continue putting on your +0 scale mail. x5
You finish putting on your +0 scale mail.
A quokka comes into view.
You hit the quokka.
The quokka is moderately wounded.
The quokka closely misses you.
You barely miss the quokka.
The quokka is moderately wounded.
The quokka closely misses you.
You hit the quokka but do no damage.
The quokka is moderately wounded.
The quokka completely misses you. The quokka closely misses you.
You hit the quokka.
The quokka is severely wounded.
The quokka closely misses you.
You barely miss the quokka.
The quokka is severely wounded.
The quokka closely misses you. The quokka barely misses you.
You barely miss the quokka.
The quokka is severely wounded.
The quokka bites you but does no damage.
You hit the quokka but do no damage.
The quokka is severely wounded.
The quokka bites you.
You barely miss the quokka.
The quokka is severely wounded.
The quokka bites you but does no damage.
The quokka closely misses you.
You barely miss the quokka.
The quokka is severely wounded.
The quokka bites you but does no damage.
You barely miss the quokka.
The quokka is severely wounded.
The quokka barely misses you.
You hit the quokka.
You kill the quokka!
No target in view!
A dart slug comes into view.
Found 5 stones.
The dart slug launches a dart at you.
The slug dart hits you but does no damage.
The dart slug launches a dart at you.
The slug dart hits you but does no damage.
A kobold comes into view. It is wielding a +0 short sword.
The kobold shouts!
An adder comes into view.
You see here 5 stones.
f - 9 stones (gained 5)
The kobold hits you but does no damage.
You barely miss the kobold. The kobold closely misses you.
You barely miss the adder. You hit the kobold.
The adder bites you but does no damage. The kobold closely misses you.
The adder closely misses you. The kobold hits you but does no damage.
You hit the kobold.
The kobold is severely wounded.
You barely miss the adder. The adder closely misses you.
The kobold barely misses you.
You hit the kobold.
You kill the kobold!
You closely miss the adder. The adder barely misses you.
The dart slug launches a dart at you.
The slug dart hits you but does no damage.
The adder barely misses you.
You closely miss the adder. The adder misses you.
You hit the adder but do no damage. The adder bites you but does no damage.
The adder bites you.
You slash the adder!
The adder is severely wounded.
The adder barely misses you.
You closely miss the adder.
The adder is severely wounded.
You hit the dart slug. The adder bites you.
The adder bites you but does no damage.
You hit the adder but do no damage.
The adder is severely wounded.
You hit the dart slug but do no damage. The dart slug barely misses you.
The adder closely misses you.
You hit the adder.
The adder is severely wounded.
You hit the dart slug. The adder bites you but does no damage.
The dart slug bites you.
You hit the dart slug.
You kill the dart slug!
You hit the adder.
You kill the adder!
No target in view!
No target in view!
You see here a +0 short sword.
You pick up a book of the Tundra and begin reading...
You add the spells Hailstorm, Summon Ice Beast and Sculpt Simulacrum to your library.
You now have 81 gold pieces (gained 8).
Found 9 gold pieces.
Found a scroll labelled TOTOIM PIMP.
You now have 90 gold pieces (gained 9).
j - a scroll labelled TOTOIM PIMP As you open the large door, it creaks loudly!
A kobold, an adder and an endoplasm come into view.
The adder hisses angrily.
The endoplasm quivers.
The kobold throws a stone.
The stone hits you but does no damage. The adder bites you but does no damage.
There is a large open door here.
You closely miss the adder. The adder closely misses you.
You slash the adder!
The adder is severely wounded.
You hit the endoplasm. The adder closely misses you.
The endoplasm hits you but does no damage.
The adder bites you but does no damage.
You closely miss the adder.
The adder is severely wounded.
You hit the endoplasm. The adder closely misses you.
The endoplasm closely misses you.
You hit the adder.
The adder is almost dead.
You hit the endoplasm but do no damage. The adder bites you but does no damage.
The endoplasm freezes you.
You are frozen.
The adder bites you but does no damage.
You hit the adder.
You kill the adder!
You hit the endoplasm.
The kobold throws a stone.
The stone barely misses you. The endoplasm freezes you.
You are frozen.
You hit the endoplasm.
You kill the endoplasm!
You hit the kobold.
You kill the kobold!
No target in view!
f - 12 stones (gained 3)
Things that are here:
a +0 club; an adder corpse
There is a large open door here.
Unknown command.
HP restored.
There is an escape hatch in the ceiling here.
There is a stone staircase leading down here.
You climb downwards.
There is a stone staircase leading up here.
Found a stone staircase leading down.
Found 5 darts of dispersal.
There is a stone staircase leading down here.
You see here 5 darts of dispersal.
k - 5 darts of dispersal
There is a stone staircase leading down here.
You climb downwards.
There is a stone staircase leading up here.
You open the door.
There is an open door here.
You open the door.
Found a war axe.
There is an open door here.
Eustachio the Magnificent comes into view.
He is wielding a +0 rapier.
Eustachio shouts!
Okay, then.
You aren't carrying any items that you can evoke.
Unknown command.
Eustachio hits you with a +0 rapier.
You see here a +0 war axe.
l - a +0 war axe (weapon)
You slash Eustachio!
Eustachio is moderately wounded.
Eustachio barely misses you.
You slash Eustachio!
Eustachio is heavily wounded.
Eustachio closely misses you. Eustachio barely misses you.
You closely miss Eustachio.
Eustachio is heavily wounded.
Eustachio hits you with a +0 rapier.
You slash Eustachio!
Eustachio is severely wounded.
Eustachio asks, "How can you live without manners, virtues and honour?"
Eustachio mumbles some strange words.
Eustachio blinks!
Found a stone staircase leading up.
You hit Eustachio but do no damage.
Eustachio is severely wounded.
Eustachio hits you with a +0 rapier.
Eustachio mumbles some strange words.
You slash Eustachio!
Eustachio is almost dead.
You hit the quokka. The quokka misses you. Eustachio hits you with a +0 rapier.
You completely miss Eustachio.
Eustachio is almost dead.
You hit the quokka.
The quokka bites you but does no damage.
Eustachio mumbles some strange words.
The quokka barely misses you.
The quokka bites you but does no damage.
You hit Eustachio.
You kill Eustachio!
The quokka disappears in a puff of smoke! x2
The river rat disappears in a puff of smoke!
Training target 3.0 for Dodging reached!
Your Fighting skill increases to level 4!
Your Axes skill increases to level 4!
Your Armour skill increases to level 2!
Your Dodging skill increases to level 3!
You have reached level 5!
You have reached level 6!
Things that are here:
a +0 rapier; a +0 leather armour Adjust (i)tems, (s)pells, or (a)bilities?
l - a +0 war axe (weapon)
Adjust to which letter? (? for menu, Esc to quit)
a - a +0 war axe (weapon);
l - a +0 hand axe You drop a +0 hand axe.
Found a stone staircase leading up.
You open the door.
There is an open door here.
There is a stone staircase leading up here.
You climb upwards.
The hobgoblin shouts!
Found a scroll labelled VATING FAINU.
There is a stone staircase leading down here.
The hobgoblin hits you but does no damage.
You hit the hobgoblin.
The hobgoblin is severely wounded.
The hobgoblin hits you but does no damage.
The hobgoblin closely misses you.
You slash the hobgoblin!
You kill the hobgoblin!
No target in view!
l - a scroll labelled VATING FAINU
There is a stone staircase leading down here.
You climb downwards.
There is a stone staircase leading up here.
You open the door.
There is an open door here.
A scorpion comes into view.
You open the door.
A kobold comes into view. It is wielding a +0 short sword.
The kobold shouts!
Found a dagger.
There is an open door here.
You hit the kobold.
The kobold is heavily wounded.
The kobold hits you but does no damage.
The kobold hits you with a +0 short sword.
You barely miss the kobold.
The kobold is heavily wounded.
You hit the scorpion.
The scorpion stings you but does no damage.
The kobold barely misses you. The scorpion barely misses you.
You hit the kobold.
You kill the kobold!
You hit the scorpion but do no damage. The scorpion stings you.
You hit the scorpion.
The scorpion is moderately wounded.
The scorpion stings you but does no damage. x2
You barely miss the scorpion.
The scorpion is lightly wounded.
The scorpion barely misses you.
You hit the scorpion.
The scorpion is moderately wounded.
The scorpion stings you but does no damage.
The scorpion completely misses you.
You barely miss the scorpion.
The scorpion is moderately wounded.
The scorpion stings you. The scorpion closely misses you.
You slash the scorpion!
The scorpion is severely wounded.
The scorpion stings you.
You slash the scorpion!
You kill the scorpion!
Your Armour skill increases to level 3!
No target in view!
No target in view!
No target in view!
No target in view!
No target in view!
No target in view!
No target in view!
No target in view!
f - 16 stones (gained 4)
Things that are here:
a +0 short sword; a kobold corpse You open the door.
There is an open door here.
Found a scroll labelled ADIUMO TOUMU.
You open the door.
There is an open door here.
m - a scroll labelled ADIUMO TOUMU You open the door.
There is an open door here.
You open the door.
There is an open door here.
You open the door.
There is an open door here.
You open the door.
Found a chain mail.
There is an open door here.
You see here a +0 chain mail.
You start removing your armour.
You continue taking off your +0 scale mail. x4
You finish taking off your +0 scale mail.
You start putting on your armour.
You continue putting on your +0 chain mail. x5
You finish putting on your +0 chain mail.
Found a dark potion.
Found a stone staircase leading down.
Found a fizzy green potion.
o - a dark potion
Found a stone staircase leading down.
p - a fizzy green potion
There is a stone staircase leading down here.
You climb downwards.
There is a stone staircase leading up here.
You climb upwards.
There is a stone staircase leading down here.
There is a stone staircase leading down here.
You climb downwards.
Found 12 gold pieces.
There is a stone staircase leading up here.
A hound comes into view.
Found a robe.
The hound barks!
You hit the hound.
The hound is moderately wounded.
The hound barely misses you. The hound bites you but does no damage.
You hit the hound.
The hound is moderately wounded.
The hound completely misses you. The hound barely misses you.
You barely miss the hound.
The hound is moderately wounded.
The hound closely misses you. The hound barely misses you.
You slash the hound!
The hound is almost dead.
The hound barely misses you.
You hit the hound.
You kill the hound!
No target in view!
No target in view!
No target in view!
You now have 102 gold pieces (gained 12).
You open the door.
Found Rioluaf's General Store.
There is an open door here.
Found 10 gold pieces.
Found a scroll labelled VATING FAINU.
There is an entrance to Rioluaf's General Store here.
You can access your shopping list by pressing '$'.
l - 2 scrolls labelled VATING FAINU (gained 1)
You now have 112 gold pieces (gained 10).
Found an escape hatch in the ceiling.
An adder comes into view.
The adder hisses angrily.
An ufetubus comes into view.
Found a stone staircase leading down.
The ufetubus shouts!
An ufetubus comes into view.
You barely miss the adder.
The adder bites you but does no damage. x2
You slash the adder!
The adder is severely wounded.
The adder bites you but does no damage.
You barely miss the adder.
The adder is severely wounded.
The adder bites you but does no damage. x2
You barely miss the adder.
The adder is severely wounded.
You hit the ufetubus. The ufetubus barely misses you. x2
The adder bites you but does no damage.
The ufetubus hits you but does no damage. x2
The ufetubus slips past you!
The ufetubus hits you but does no damage. x2
The adder closely misses you.
You slash the adder!
You kill the adder!
You closely miss the ufetubus. x2
The ufetubus hits you but does no damage. x2
The ufetubus slips past you!
The ufetubus hits you but does no damage. x6
You hit the ufetubus.
You kill the ufetubus!
You hit the ufetubus.
The ufetubus hits you but does no damage. x2
The ufetubus hits you. The ufetubus barely misses you.
You slash the ufetubus!
You kill the ufetubus!
There is a stone staircase leading down here.
You climb downwards.
Found a morningstar.
There is a stone staircase leading up here.
Found a scroll labelled ZEEQOU QAMAR.
A centaur comes into view.
The centaur shouts!
The centaur wields a +0 orcbow.
The centaur shoots an arrow.
The arrow barely misses you.
The centaur shoots an arrow.
The arrow completely misses you.
You see here a +0 morningstar.
q - a +0 morningstar The centaur shoots an arrow.
The arrow hits you!
The centaur shoots an arrow.
The arrow hits you.
The centaur shoots an arrow.
The arrow hits you.
The centaur shoots an arrow.
The arrow hits you.
The centaur unwields a +0 orcbow.
The centaur hits you but does no damage.
The centaur barely misses you.
You slash the centaur!
The centaur is moderately wounded.
The centaur barely misses you.
The centaur kicks you but does no damage.
The centaur closely misses you.
The centaur kicks you but does no damage.
You slash the centaur!
The centaur is severely wounded.
The centaur hits you but does no damage.
The centaur kicks you but does no damage.
You hit the centaur.
The centaur is severely wounded.
The centaur barely misses you. The centaur kicks you. The centaur misses you.
The centaur closely misses you.
You hit the centaur.
The centaur is almost dead.
The centaur hits you.
* * * LOW HITPOINT WARNING * * *
The centaur kicks you but does no damage.
The centaur hits you.
* * * LOW HITPOINT WARNING * * *
The centaur kicks you but does no damage.
You slash the centaur!
You kill the centaur!
Your Axes skill increases to level 5!
You have reached level 7!
You see here a +0 orcbow.
r - a scroll labelled ZEEQOU QAMAR You open the door.
A bullfrog, 2 orc priests and 2 orcs come into view.
The bullfrog gives a loud, deep croak!
The orc priest shouts! x2
The orc shouts! x2
The bullfrog moves out of view.
The orc moves out of view.
Found a runed hand axe.
Okay, then.
You aren't carrying any items that you can evoke.
The orc priest hits you with a +0 trident.
* * * LOW HITPOINT WARNING * * *
The orc barely misses you.
There is an open door here.
You hit the orc priest.
The orc priest is moderately wounded.
You barely miss the orc. You hit the bullfrog but do no damage.
The bullfrog hits you but does no damage. x2
The orc hits you but does no damage.
You hit the orc priest.
The orc priest is heavily wounded.
You hit the bullfrog. You slash the orc!
You kill the orc!
The bullfrog closely misses you.
The orc priest hits you with a +0 trident.
* * * LOW HITPOINT WARNING * * *
The orc priest looks encouraged for a moment.
The bullfrog barely misses you.
You hit the orc priest.
The orc priest is severely wounded.
You barely miss the orc. You hit the bullfrog. The bullfrog hits you.
* * * LOW HITPOINT WARNING * * *
The orc priest barely misses you. The orc hits you but does no damage.
The bullfrog hits you but does no damage.
The orc hits you but does no damage.
The orc priest hits you with a +0 trident.
* * * LOW HITPOINT WARNING * * *
You are confused.
You feel invigorated.
The bullfrog hits you but does no damage.
The orc priest hits you with a +0 trident.
* * * LOW HITPOINT WARNING * * *
The orc hits you but does no damage.
The orc priest begins to cast a cantrip, but forgets the words!
You barely miss the orc priest.
The orc priest is severely wounded.
You hit the bullfrog. You hit the orc. The bullfrog closely misses you.
The bullfrog barely misses you.
The orc priest invokes the aid of Beogh against you.
Beogh smites you!
You die...

#.# #.# #.# ...####.###
..........##+#######+#
##......)........
#<...............
.......................
#.........###@#######+#
#.........##oFo#
##..#######..o..# ....
#.......# #.. #.......#
.. #...)...# ##.....##
##...##


You could see a bullfrog, 2 orc priests and an orc.

Vanquished Creatures
  Eustachio (D:4)
  A centaur (D:6)
  A scorpion (D:4)
  A hound (D:5)
  7 adders
  2 ufetubi (D:5)
  A dart slug (D:2)
  2 ribbon worms (D:2)
  An orc (D:6)
  2 endoplasms
  A giant cockroach (D:1)
  A goblin (D:1)
  6 hobgoblins
  2 quokkas
  9 ball pythons
  3 bats
  A frilled lizard (D:2)
  4 kobolds
  2 rats (D:1)
48 creatures vanquished.

Notes
Turn   | Place    | Note
-------+----------+-------------------------------------------
     0 | D:1      | jagoly the Gargoyle Monk began the quest for the Orb.
     0 | D:1      | Reached XP level 1. HP: 14/14 MP: 1/1
    89 | D:1      | Reached XP level 2. HP: 18/19 MP: 2/2
   105 | D:1      | Reached skill level 3 in Axes
   138 | D:1      | Reached skill level 1 in Armour
   162 | D:2      | Reached XP level 3. HP: 23/23 MP: 3/3
   178 | D:2      | You fall into a shaft and drop 1 floor!
   249 | D:2      | Found Wogotata's Distillery.
   256 | D:2      | Reached XP level 4. HP: 26/29 MP: 4/4
   274 | D:2      | Found Gecw's Antique Armour Shop.
   572 | D:4      | Noticed Eustachio
   585 | D:4      | Killed Eustachio
   586 | D:4      | Reached skill level 4 in Axes
   586 | D:4      | Reached XP level 5. HP: 28/34 MP: 5/5
   586 | D:4      | Reached XP level 6. HP: 32/39 MP: 6/6
   707 | D:5      | Entered Level 5 of the Dungeon
   747 | D:5      | Found Rioluaf's General Store.
   816 | D:6      | Reached skill level 5 in Axes
   816 | D:6      | Reached XP level 7. HP: 16/44 MP: 7/7
   826 | D:6      | Killed from afar by an orc priest

Illustrated notes

Levels and vault maps discovered:
D:1:      scummos_arrival_checkerplants, layout_rooms, serial_shops,
          nicolae_lakefront_shop, hellmonk_ecumenical_altar_dog_temple,
          hangedman_decor_points
D:2:      layout_loops_cross, serial_shops, nicolae_shop_real_fake_doors,
          nicolae_shop_statue_plus, kennysheep_generic_room_12, uniq_robin
D:3:      minmay_bubble_buster, layout_basic, uniq_crazy_yiuf_cottage,
          uniq_terence
D:4:      layout_gridville, nzn_wu_jian_contemplation, uniq_eustachio
D:5:      layout_basic, serial_shops, nicolae_shop_just_a_little_nook,
          reono_crystal_passage, kennysheep_generic_room_5
D:6:      kennysheep_six_static_rooms, layout_basic, lemuel_temple_firewalk_a,
          serial_shops, nicolae_shop_behind_doors, nicolae_evil_shop

Skill      XL: |  1  2  3  4  5  6 |
---------------+-------------------+-----
Axes           | 3 4 5 |  5.0
Armour         | 1 2 3 |  3.4
Fighting       | 4 |  4.9
Dodging        | 3 |  3.0

Action                     |  1- 3 |  4- 6 |  7- 9 || total
---------------------------+-------+-------+-------++-------
  Melee: Hand axe          |    63 |    37 |       ||   100
         War axe           |       |    36 |     4 ||    40
    Use: Potion            |       |       |     1 ||     1
 Armour: Robe              |    20 |       |       ||    20
         Ring mail         |    13 |     4 |       ||    17
         Skin              |     3 |       |       ||     3
         Scale mail        |       |    39 |       ||    39
         Chain mail        |       |    36 |    13 ||    49
  Dodge: Dodged            |    45 |    63 |     6 ||   114
